 Seeded DCSS version 0.31-a0-986-g5e6e4ef867 (webtiles) character file.

Game seed: 13684639508580989815 (custom seed)

91 Danienth the Scholar of Death (level 4, -1/32 HPs)
             Began as a Human Necromancer on Nov 12, 2023.
             Was a Follower of Kikubaaqudgha.
             Slain by a gnoll
             ... wielding a +0 whip
              (3 damage)
             ... on level 2 of the Dungeon.
             The game lasted 00:11:11 (2701 turns).

Danienth the Scholar of Death (Human Necromancer)   Turns: 2701, Time: 00:11:12

Health: -1/32      AC:  5    Str:  7    XL:     4   Next: 88%
Magic:  4/7        EV: 11    Int: 21    God:    Kikubaaqudgha [*.....]
Gold:   104        SH:  0    Dex: 13    Spells: 3/7 levels left

rFire   . . .        b - +0 club
rCold   + . .        (no shield)
rNeg    . . .        n - +2 leather armour {rC+}
rPois   .            (no helmet)
rElec   .            (no cloak)
rCorr   .            (no gloves)
SInv    +            (no boots)
Will    +....        (no amulet)
Stlth   ++           g - ring of see invisible
HPRegen 0.25/turn    (no ring)
MPRegen 0.10/turn

%: no passive effects
@: attractive, enlightened, flying
A: clever 1, MP-powered wands
a: Renounce Religion, Unearth Wretches


You were on level 2 of the Dungeon.
You worshipped Kikubaaqudgha.
Kikubaaqudgha was aware of your devotion.
You visited 1 branch of the dungeon, and saw 3 of its levels.

You collected 104 gold pieces.

Inventory:

Hand Weapons
 b - a +0 club (weapon)
Missiles
 f - 6 poisoned darts
Armour
 a - a +0 robe
 n - a +2 leather armour of cold resistance (worn)
Jewellery
 g - a ring of see invisible (left hand)
Scrolls
 c - 3 scrolls of immolation {unknown}
 d - 2 scrolls of identify {unknown}
 i - a scroll of enchant weapon {unknown}
 j - a scroll of vulnerability {unknown}
 k - a scroll of teleportation {unknown}
 p - a scroll of enchant armour {unknown}
Potions
 e - a potion of heal wounds {unknown}
 h - a potion of attraction
 l - a potion of mutation
 m - a potion of might {unknown}
 o - a potion of enlightenment
 q - a potion of curing {unknown}


   Skills:
 + Level 1.3 Fighting
 * Level 1.7 Maces & Flails
 + Level 0.5 Armour
 - Level 2.6 Dodging
 - Level 2.7 Stealth
 - Level 2.3 Spellcasting
 - Level 4.1 Necromancy


You had 3 spell levels left.
You knew the following spells:

 Your Spells              Type           Power      Damage    Failure   Level
a - Necrotise             Necr           80%        1d8       3%          1
b - Vampiric Draining     Necr           20%        2d7       11%         3

Your spell library contained the following spells:

 Spells                   Type           Power      Damage    Failure   Level
 Cigotuvi's Dreadful Rot  Necr/Pois/Air  16%        N/A       19%         2
 Magic Dart               Conj           8%         1d3       22%         1
 Searing Ray              Conj           4%         2d4       32%         2
 Animate Dead             Necr           20%        N/A       36%         4
 Agony                    Necr           20%        N/A       71%         5
 Fulminant Prism          Conj/Hex       1%         3d5       91%         4


Dungeon Overview and Level Annotations

Branches:
Dungeon (3/15)

Altars:
Kikubaaqudgha


Innate Abilities, Weirdness & Mutations

Your mind is acute. (Int +4, Str/Dex -1)
You expend magic power (3 MP) to strengthen your wands.


Message History

Your goblin skeleton barely misses the gnoll.
A gnoll comes into view. It is wielding a +0 flail.
The gnoll hits your goblin skeleton with a +0 flail.
You struggle against the net.
Your goblin skeleton crumbles into dust!
You struggle against the net.
You struggle against the net.
The gnoll hits you with a +0 whip.
You shred the net and break free! The gnoll hits you with a +0 whip.
The gnoll hits you with a +0 flail! The gnoll hits you with a +0 whip.
You climb upwards.
There is a stone staircase leading down here.
Casting: Necrotise (safe; 4% risk of failure)
Confirm with . or Enter, or press ? or * to list all spells.
Aiming: Necrotise (safe; 4% risk of failure)
Press: ? - help, Shift-Dir - straight line, f - gnoll
Aim: a gnoll, wielding a +0 whip (chance to affect: 80%)
The gnoll barely resists.
The gnoll closely misses you. The gnoll barely misses you.
Casting: Necrotise (safe; 4% risk of failure)
Confirm with . or Enter, or press ? or * to list all spells.
Aiming: Necrotise (safe; 4% risk of failure)
Press: ? - help, Shift-Dir - straight line, f/p - gnoll
Aim: a gnoll, wielding a +0 whip (chance to affect: 80%)
The gnoll writhes in agony.
The gnoll hits you with a +0 whip!
* * * LOW HITPOINT WARNING * * *
The gnoll barely misses you.
It was a potion of attraction.
You feel attractive to monsters. The gnoll closely misses you.
The gnoll barely misses you.
It was a potion of enlightenment.
You feel very buoyant.
You fly up into the air.
The gnoll hits you with a +0 whip.
* * * LOW HITPOINT WARNING * * *
The gnoll closely misses you.
It was a potion of mutation.
You feel extremely strange.
You feel clever.
You feel your magical essence link to the dungeon's wands.
The gnoll hits you with a +0 whip.
You die...
Kikubaaqudgha rasps: "You have failed me!
Welcome... death!"

#...#.# #. #...#.#
###### #. #...#.#
#....# #. #...#.#
#....# #.
#...#.#####....####.
#...#.##..'.........
#........##....#....
#.....#####....#....
###@g.....######....
#g#.###...........
#.#........###....
#.#.###.##.# #....
#.#.# #..#.###....
######.#.###..#........
#......................
#..###.########........
#..# #..#######........


You could see 2 gnolls.

Vanquished Creatures
  A jelly (D:2)
  An adder (D:3)
  A worm (D:2)
  A dart slug (D:2)
  An orc (D:3)
  5 bats
  5 endoplasms
  2 giant cockroaches (D:2)
  3 goblins
  6 hobgoblins (D:2)
  A jackal (D:2)
  3 quokkas
  5 ball pythons
  4 frilled lizards
39 creatures vanquished.

Vanquished Creatures (collateral kills)
  An orc (D:3)
  2 rats
3 creatures vanquished.

Grand Total: 42 creatures vanquished

Notes
Turn   | Place    | Note
-------+----------+-------------------------------------------
     0 | D:1      | Danienth the Human Necromancer began the quest for the Orb.
     0 | D:1      | Reached XP level 1. HP: 13/13 MP: 3/3
   417 | D:1      | Reached XP level 2. HP: 19/19 MP: 0/5
  1001 | D:2      | Found an ancient bone altar of Kikubaaqudgha.
  1058 | D:2      | Became a worshipper of Kikubaaqudgha
  1209 | D:2      | Reached XP level 3. HP: 24/24 MP: 0/6
  1240 | D:2      | Learned a level 3 spell: Vampiric Draining
  1369 | D:2      | Reached XP level 4. HP: 24/31 MP: 0/7
  1638 | D:2      | Reached skill level 1 in Maces & Flails
  1678 | D:2      | Reached skill level 1 in Fighting
  2215 | D:2      | Found a faded altar of an unknown god.
  2287 | D:2      | Reached * piety under Kikubaaqudgha
  2287 | D:2      | Received a gift from Kikubaaqudgha
  2701 | D:2      | Gained mutation: Your mind is acute. (Int +4, Str/Dex -1)
                  | [potion of mutation]
  2701 | D:2      | Gained mutation: You expend magic power (3 MP) to
                  | strengthen your wands. [potion of mutation]
  2701 | D:2      | Slain by a gnoll

Illustrated notes

Levels and vault maps discovered:
D:1:      psy_arrival_dodecagon, layout_basic, minmay_tetromino_s2
D:2:      layout_basic, basic_altar, shapermc_ecumenical_altar_notcrosses,
          minivault_5, minmay_randomly_rotated_circles
D:3:      layout_rooms, minmay_surrounded

Skill      XL: |  1  2  3  4 |
---------------+-------------+-----
Maces & Flails | 1 |  1.7
Fighting       | 1 |  1.3
Armour         | |  0.5
Dodging        | |  2.6
Stealth        | |  2.7
Spellcasting   | |  2.3
Necromancy     | |  4.1

Action                     |  1- 3 |  4- 6 || total
---------------------------+-------+-------++-------
  Melee: Unarmed           |     1 |       ||     1
         Club              |     6 |     1 ||     7
   Cast: Necrotise         |    36 |    41 ||    77
    Use: Potion            |     1 |     3 ||     4
   Stab: Sleeping          |     1 |       ||     1
 Armour: Robe              |    20 |     6 ||    26
         Leather armour    |       |    10 ||    10
  Dodge: Dodged            |    16 |     7 ||    23

Table legend: (Time is in decaauts)
 A = Elapsed time spent in this place.
 B = Non-inter-level travel time spent in this place.
 C = Inter-level travel time spent in this place.
 D = Time resting spent in this place.
 E = Time spent auto-exploring this place.
 F = Levels seen in this place.
 G = Mean time per level.
                   A        B        C        D        E       F      G
               +--------+--------+--------+--------+--------+-----+--------+
         Total |   2702 |   2533 |    169 |     50 |   2181 |   3 |  900.7 |
       Dungeon |   2702 |   2533 |    169 |     50 |   2181 |   3 |  900.7 |
               +--------+--------+--------+--------+--------+-----+--------+

Top non-repeatable levels by time:
     D:2: 1667 daAuts
     D:1: 1001 daAuts
     D:3: 33 daAuts
